 Dungeon Crawl Stone Soup version 0.18.1-50-g88ac8fd (webtiles) character file.

72379 Chiseanne the Unseen (level 15, -4/78 HPs)
             Began as a Spriggan Assassin on Mar 28, 2017.
             Was an Initiate of Gozag.
             Succumbed to a redback's poison
             ... on level 15 of the Dungeon.
             The game lasted 01:39:42 (26242 turns).

Chiseanne the Unseen (Spriggan Assassin)           Turns: 26242, Time: 01:39:42

Health: -4/78      AC: 10    Str:  7    XL:     15   Next: 1%
Magic:  5/5        EV: 33    Int: 14    God:    Gozag
Gold:   2056       SH:  0    Dex: 23    Spells: 0 memorised, 14 levels left

rFire  + . .     SeeInvis +     f - +8 scimitar of Focus {antimagic, rElec Int-2 SInv Stlth+}
rCold  . . .     Gourm    .     M - +2 troll leather armour
rNeg   . . .     Faith    .     (shield currently unavailable)
rPois  .         Spirit   .     (helmet restricted)
rElec  +         Dismiss  .     c - +2 cloak
rCorr  .         Reflect  .     (gloves unavailable)
SustAt .         Harm     .     (boots unavailable)
MR     ++...                    y - amulet of magic regeneration
Stlth  +++++++++.               t - +3 ring of slaying
                                l - ring of protection from fire

@: lethally poisoned (-4 -> -129), gold aura, very quick, very resistant to
hostile enchantments, incredibly stealthy
A: unfitting armour, see invisible, clever 1, herbivore 3, speed 3, slow
metabolism 2
a: Potion Petition, Call Merchant, Bribe Branch, Renounce Religion


You were on level 15 of the Dungeon.
You worshipped Gozag.
Gozag was noncommittal.
You were not hungry.

You visited 4 branches of the dungeon, and saw 26 of its levels.
You also visited: Ossuary, Bailey and Volcano.

You collected 7528 gold pieces.
You spent 2195 gold pieces at shops.
You paid 3277 gold pieces to Gozag.

Inventory:

Hand Weapons
 a - a +2 short sword of venom
 d - a +3 scimitar of flaming
 e - a +2 greatsling of flaming
 f - the +8 scimitar of Focus (weapon) {antimagic, rElec Int-2 SInv Stlth+}
   (You bought it in a shop on level 11 of the Dungeon)

   It disrupts the flow of magical energy around spellcasters and certain
   magical creatures (including the wielder).
   It affects your intelligence (-2).
   It insulates you from electricity.
   It lets you see invisible.
   It makes you more stealthy.
 s - the +5 long sword "Quheon" {pain, rN+}
   (You found it on level 11 of the Dungeon)

   In the hands of one skilled in necromantic magic, it inflicts extra damage on
   living creatures.
   It protects you from negative energy.
 w - the +6 blowgun "Concordance" {evade, +Fly rF+}
   (You bought it in a shop on level 11 of the Dungeon)

   It affects your evasion (+5 to EV).
   It protects you from fire.
   It lets you fly.
Missiles
 i - 488 stones
 p - 158 sling bullets
 N - 97 poisoned needles
 R - 42 tomahawks of returning (quivered)
 Z - 5 curare-tipped needles
Armour
 c - a +2 cloak (worn)
 M - a +2 troll leather armour (worn)
 P - a +0 robe of fire resistance
Jewellery
 l - a ring of protection from fire (left hand)
 t - a +3 ring of slaying (right hand)
 y - an amulet of magic regeneration (around neck)
 F - an uncursed ring of flight
 T - an uncursed ring of ice
 U - a +4 ring of evasion
Wands
 j - a wand of iceblast (7/15)
 Q - a wand of confusion (0/48)
 W - a wand of digging (0/24)
Scrolls
 b - 13 scrolls of teleportation
 h - 6 scrolls of fear
 x - 6 scrolls of blinking
 A - 7 scrolls of remove curse
 G - 4 scrolls of amnesia
 K - 4 scrolls of recharging
 L - 2 scrolls of immolation
 X - a scroll of fog
Potions
 k - 9 potions of curing
 m - a potion of flight
 o - 2 potions of haste {unknown}
 q - 2 potions of resistance
 r - 6 potions of agility
 u - 2 potions of heal wounds
 v - a potion of berserk rage
 z - 5 potions of might
 B - 2 potions of mutation {unknown}
 D - 4 potions of ambrosia
 H - 3 potions of lignification {unknown}
 I - a potion of cure mutation
 O - 3 potions of cancellation
 S - 4 potions of brilliance
 Y - 3 potions of magic
Miscellaneous
 n - 2 phantom mirrors
 C - a fan of gales
Comestibles
 g - 13 bread rations
 E - 3 slices of pizza


   Skills:
 * Level 8.9 Fighting
 - Level 10.0 Short Blades
 * Level 11.7(13.5) Slings
 - Level 9.8(11.5) Throwing
 - Level 6.1 Armour
 * Level 15.0 Dodging
 * Level 19.7 Stealth


You had 14 spell levels left.
You didn't know any spells.

Dungeon Overview and Level Annotations

Branches:
Dungeon (15/15)            Temple (1/1) D:7            Lair (8/8) D:11
  Swamp (0/4) Lair:3       Spider (0/4) Lair:4        Slime (0/6) Lair:8
    Orc (2/2) D:12         Vaults (0/5) D:14
    Elf: Orc:2       Depths: D:15

Altars:
Ashenzari
Cheibriados
Dithmenos
Elyvilon
Fedhas
Gozag
Kikubaaqudgha
Makhleb
Nemelex Xobeh
Okawaru
Pakellas
Qazlal
Ru
Sif Muna
Trog
Vehumet
Xom
Yredelemnul
Zin
The Shining One
Beogh

Shops:
D:9 [:   D:11 ((   D:12 =   D:13 *

Annotations:
D:3 Chiseanne's ghost, amateur SpAs
D:9 ciphuk's ghost, novice OgHu
Lair:3 Urug
Orc:2 symbioosi's ghost, journeyman MiBe


Innate Abilities, Weirdness & Mutations

You are tiny and cannot use many weapons and most armour.
You have supernaturally acute eyesight.
You are a herbivore.
You cover ground extremely quickly.
You need consume almost no food.
Your mind is acute. (Int +2)


Message History

The redback completely misses you. x3; The redback barely misses you.
The redback misses you.
You closely miss the redback.
The redback is lightly wounded.
You feel extremely sick. The redback completely misses you.
The redback barely misses you.
The redback bites you but does no damage.
The redback misses you. The redback completely misses you.
The redback closely misses you. The redback completely misses you.
The redback closely misses you. The redback bites you!
The redback completely misses you. The redback bites you.
* * * LOW HITPOINT WARNING * * *
The redback misses you. The redback bites you!
* * * LOW HITPOINT WARNING * * *
You are more poisoned.
The redback poisons you! The redback misses you.
You slash the redback!
The redback is moderately wounded.
You die...
Your body crumbles into a pile of gold. ##...............#....#+###≈≈.... #...............######....≈≈≈P≈. #......................###P≈≈≈≈≈ #..........###.........# #≈≈PPPP

##..........# #.........# #≈≈≈≈≈≈
............# #.........# #≈≈≈≈≈P
............# #.........# ♣≈≈≈P≈≈
............###sss.###....♣P≈≈≈≈≈
...............s@$........♣≈≈≈≈≈≈
##############.sss.#######♣
###...# #####


You could see 7 redbacks.

Vanquished Creatures
  An orc warlord (Bailey)
  Nessos (Lair:6)
  4 vault guards (D:14)
  An entropy weaver (shapeshifter) (D:13)
  Erolcha (D:10)
  7 hydras
  2 catoblepae
  An ice dragon (D:12)
  Erica (Lair:1)
  10 death yaks
  A death knight (D:15)
  A queen ant (Lair:8)
  A tengu warrior (D:14)
  2 slime creatures (D:13)
  3 hill giants
  2 orc knights
  A lindwurm (Lair:7)
  3 cyclopes
  A griffon (Lair:7)
  A wolf spider (Lair:4)
  5 ugly things
  2 manticores
  3 elephants (Lair:8)
  2 black mambas
  2 molten gargoyles (Volcano)
  14 spiny frogs
  3 gargoyles
  4 rime drakes
  11 komodo dragons
  2 tengu conjurers (D:13)
  A troll (D:15)
  33 blink frogs
  4 redbacks
  2 shadows
  Sigmund (D:3)
  2 wraiths
  A water elemental (D:12)
  A human (D:7)
  30 yaks
  A fire elemental (Volcano)
  2 wyverns
  Eustachio (D:5)
  3 basilisks
  9 hippogriffs
  A hungry ghost (D:11)
  4 vampire mosquitoes
  2 mottled dragons
  A warg (Orc:1)
  6 soldier ants
  5 porcupines
  Duvessa (D:5)
  14 water moccasins
  7 ice beasts
  14 orc warriors
  5 black bears
  5 sky beasts
  A wasp (D:10)
  A necrophage (D:7)
  7 ogres
  6 wolves (Lair:3)
  4 boggarts (D:14)
  An eye of draining (D:11)
  A phantom (D:12)
  2 centaurs
  20 crocodiles
  2 big kobolds
  14 giant frogs
  Dowan (D:5)
  A scorpion (Lair:2)
  7 killer bees
  3 vampire bats (Lair:4)
  4 wights (D:14)
  5 howler monkeys
  3 electric eels
  8 crimson imps
  5 centaur zombies
  5 hounds
  4 giant frog zombies
  12 orc priests
  2 giant frog skeletons
  A jelly (D:8)
  2 centaur skeletons
  Terence (D:2)
  3 iguanas
  11 orc wizards
  34 worker ants
  13 sheep
  A big kobold zombie (Ossuary)
  2 hound skeletons
  5 mummies (Ossuary)
  4 gnolls (D:7)
  32 river rats
  12 adders
  2 shadow imps
  An ooze (D:4)
  A worm (D:3)
  4 dart slugs
  8 giant geckos
  50 orcs
  8 giant cockroaches
  13 goblins
  5 hobgoblins
  12 jackals
  3 quokkas
  2 ball pythons (D:1)
  16 bats
  A giant gecko skeleton (D:5)
  4 giant newts
  3 gnoll zombies (Ossuary)
  A goblin zombie (Ossuary)
  33 kobolds
  3 orc zombies (Ossuary)
  A quokka zombie (D:4)
  7 rats
  2 rat zombies (D:6)
  10 fungi
  7 plants (D:11)
686 creatures vanquished.

Vanquished Creatures (collateral kills)
  A crocodile (Lair:2)
  An iguana (Lair:2)
2 creatures vanquished.

Vanquished Creatures (others)
  3 yaks (Lair:6)
  An orc (D:13)
  A fire vortex (Volcano)
  20 fungi
  9 plants (Lair:8)
34 creatures vanquished.

Grand Total: 722 creatures vanquished

Notes
Turn   | Place    | Note
--------------------------------------------------------------
     0 | D:1      | Chiseanne the Spriggan Assassin began the quest for the Orb.
     0 | D:1      | Reached XP level 1. HP: 10/10 MP: 2/2
   501 | D:1      | Reached skill level 6 in Stealth
   513 | D:1      | Reached XP level 2. HP: 15/15 MP: 3/3
  1043 | D:2      | Noticed Terence
  1045 | D:2      | Killed Terence
  1045 | D:2      | Reached XP level 3. HP: 18/18 MP: 4/4
  1424 | D:2      | Reached XP level 4. HP: 21/23 MP: 5/5
  1672 | D:3      | Noticed Sigmund
  1676 | D:3      | Killed Sigmund
  1676 | D:3      | Reached skill level 7 in Stealth
  1676 | D:3      | Reached XP level 5. HP: 27/27 MP: 6/6
  1818 | D:3      | Reached skill level 5 in Dodging
  1823 | D:3      | Reached XP level 6. HP: 27/32 MP: 7/7
  2045 | D:3      | Found a basalt altar of Yredelemnul.
  2045 | D:3      | Found an ancient bone altar of Kikubaaqudgha.
  2059 | D:3      | Noticed Chiseanne's ghost (amateur SpAs)
  2278 | D:4      | Reached skill level 8 in Stealth
  2589 | D:4      | Reached XP level 7. HP: 35/35 MP: 8/8
  3095 | D:5      | Entered Level 5 of the Dungeon
  3165 | D:5      | Noticed Duvessa
  3166 | D:5      | Noticed Dowan
  3169 | D:5      | Killed Duvessa
  3184 | D:5      | Killed Dowan
  3204 | D:5      | Reached skill level 9 in Stealth
  3486 | D:5      | Reached XP level 8. HP: 39/39 MP: 9/9
  3532 | D:5      | Reached skill level 5 in Throwing
  3706 | D:5      | Noticed Eustachio
  3714 | D:5      | Killed Eustachio
  3737 | D:5      | Found a sacrificial altar of Ru.
  4190 | D:6      | Found a sand-covered staircase.
  4229 | Ossuary  | Entered an ossuary
  4402 | Ossuary  | Reached skill level 10 in Stealth
  4471 | Ossuary  | Reached skill level 5 in Short Blades
  5321 | D:7      | Found a staircase to the Ecumenical Temple.
  5367 | Temple   | Entered the Ecumenical Temple
  5455 | Temple   | Became a worshipper of Gozag Ym Sagoz the Greedy
  5635 | D:7      | Reached XP level 9. HP: 43/43 MP: 10/10
  5640 | D:7      | Reached skill level 11 in Stealth
  7651 | D:8      | Reached skill level 10 in Dodging
  7889 | D:8      | Reached skill level 12 in Stealth
  8144 | D:9      | Found Ybaluil's Book Shoppe.
  8380 | D:9      | Noticed ciphuk's ghost (novice OgHu)
  8894 | D:9      | Got a dazzling falchion
  9046 | D:9      | Identified the +5 falchion "Kemoq" {freeze, rN+ MR+ Str-5 Dex+7} (You found it on level 9 of the Dungeon)
  9051 | D:10     | Entered Level 10 of the Dungeon
  9456 | D:10     | Reached XP level 10. HP: 46/46 MP: 11/11
  9503 | D:10     | Noticed Erolcha
  9511 | D:10     | Killed Erolcha
  9511 | D:10     | Reached skill level 1 in Armour
  9824 | D:10     | Reached skill level 13 in Stealth
 10060 | D:11     | Got a crystal long sword
 10065 | D:11     | Identified the +5 long sword "Quheon" {pain, rN+} (You found it on level 11 of the Dungeon)
 10331 | D:11     | Noticed a purple ugly thing
 10463 | D:11     | Killed a purple ugly thing
 10693 | D:11     | Found a staircase to the Lair.
 11021 | D:11     | Noticed a hill giant
 11050 | D:11     | Killed a hill giant
 11050 | D:11     | Reached XP level 11. HP: 50/50 MP: 12/12
 11251 | D:12     | Found a staircase to the Orcish Mines.
 11378 | D:12     | Reached skill level 14 in Stealth
 11942 | D:12     | Noticed an ice dragon
 11949 | D:12     | Killed an ice dragon
 12181 | D:12     | Noticed a hill giant
 12184 | D:12     | Killed a hill giant
 12384 | D:12     | Found a roughly hewn altar of Beogh.
 12598 | D:12     | Noticed a green ugly thing
 12600 | D:12     | Killed a green ugly thing
 12600 | D:12     | Reached skill level 10 in Short Blades
 12705 | Orc:1    | Entered Level 1 of the Orcish Mines
 12783 | Orc:2    | Entered Level 2 of the Orcish Mines
 12783 | Orc:2    | Noticed symbioosi's ghost (journeyman MiBe)
 12793 | Orc:2    | Noticed an orc warlord
 12793 | Orc:2    | Noticed an orc sorcerer
 12848 | D:12     | Bought a cursed amulet of inaccuracy for 28 gold pieces
 12853 | D:12     | Bought a +3 ring of slaying for 630 gold pieces
 13087 | D:13     | Found Rujovan's Demolitions Depot.
 13089 | D:13     | Found a flagged portal.
 13106 | Bailey   | Entered a bailey
 13114 | Bailey   | Noticed an orc warlord
 13169 | Bailey   | Reached skill level 15 in Stealth
 13193 | Bailey   | Found a runed gate.
 13194 | Bailey   | Found a runed gate.
 13236 | Bailey   | Found a runed gate.
 13374 | Bailey   | Killed an orc warlord
 13374 | Bailey   | Reached skill level 5 in Armour
 13489 | D:13     | Gained mutation: Your mind is acute. (Int +2) [potion of beneficial mutation]
 13630 | D:13     | Reached XP level 12. HP: 56/56 MP: 13/13
 13826 | D:13     | Noticed a six-headed hydra
 13996 | Lair:1   | Entered Level 1 of the Lair of Beasts
 14407 | Lair:1   | Noticed Erica
 14459 | Lair:1   | Killed Erica
 14459 | Lair:1   | Reached skill level 5 in Slings
 14539 | Lair:1   | Reached skill level 16 in Stealth
 15369 | Lair:2   | Reached skill level 5 in Fighting
 16019 | D:11     | Bought 4 curare-tipped needles for 40 gold pieces
 16187 | Lair:3   | Identified a scroll of acquirement
 16243 | D:11     | Bought a glowing blowgun for 85 gold pieces
 16308 | Lair:3   | Noticed a four-headed hydra
 16363 | Lair:3   | Killed a four-headed hydra
 16587 | Lair:3   | Reached XP level 13. HP: 60/64 MP: 14/14
 16608 | Lair:3   | Found a staircase to the Swamp.
 16909 | Lair:3   | Noticed Urug
 17897 | Lair:4   | Found a hole to the Spider Nest.
 18144 | D:11     | Bought a bone short sword for 272 gold pieces
 18144 | D:11     | Bought a translucent scimitar for 306 gold pieces
 18148 | D:11     | Identified the cursed +1 short sword of Gahy {freeze, *Drain rElec Dex+5} (You bought it in a shop on level 11 of the Dungeon)
 18156 | D:11     | Identified the +8 scimitar of Focus {antimagic, rElec Int-2 SInv Stlth+} (You bought it in a shop on level 11 of the Dungeon)
 18297 | Lair:5   | Reached skill level 17 in Stealth
 19563 | Lair:6   | Noticed Nessos
 19573 | Lair:6   | Killed Nessos
 20193 | Lair:6   | Identified Sif Muna's Incunabulum of Fire and Sinister Arts
 20416 | Lair:7   | Reached skill level 18 in Stealth
 21218 | Lair:7   | Found a dark tunnel.
 21227 | Volcano  | Entered a volcano
 21358 | Volcano  | Reached XP level 14. HP: 60/72 MP: 5/15
 21711 | Lair:7   | Reached skill level 10 in Slings
 21817 | Lair:8   | Entered Level 8 of the Lair of Beasts
 22766 | Lair:8   | Found a staircase to the Slime Pits.
 23267 | Lair:8   | Reached skill level 19 in Stealth
 23902 | D:11     | Bought the +6 blowgun "Concordance" {evade, +Fly rF+} for 834 gold pieces
 24243 | D:13     | Noticed a ghost moth
 24243 | D:13     | a death yak changed into a ghost moth
 24253 | D:13     | a ghost moth changed into an entropy weaver
 24686 | D:14     | Got a smoking arbalest
 24689 | D:14     | Identified the cursed +1 arbalest of Dim Light {speed, Fragile MP+9 Str+3 SInv} (You found it on level 14 of the Dungeon)
 24804 | D:14     | Found a gate to the Vaults.
 25552 | D:14     | Reached skill level 15 in Dodging
 25656 | D:15     | Entered Level 15 of the Dungeon
 26189 | D:15     | Reached XP level 15. HP: 65/78 MP: 16/16
 26242 | D:15     | Succumbed to a redback's poison

Skill      XL: |  1  2  3  4  5  6  7  8  9 10 11 12 13 14 |
---------------+-------------------------------------------+-----
Stealth        | 6 7 8 9 10 12 13 15 16 18 19 | 19.7
Dodging        | 3 4 5 6 7 9 10 11 13 15 | 15.0
Fighting       | 2 3 5 7 8 |  8.9
Throwing       | 3 4 6 7 8 9 |  9.8
Short Blades   | 4 5 7 9 10 | 10.0
Armour         | 3 5 6 |  6.1
Slings         | 2 7 9 11 | 11.7

Action                   |  1- 3 |  4- 6 |  7- 9 | 10-12 | 13-15 || total
-------------------------+-------+-------+-------+-------+-------++-------
Melee: Dagger            |    87 |    18 |       |       |       ||   105
       Short sword       |       |    80 |   596 |   897 |   948 ||  2521
       Long sword        |       |       |       |   110 |     2 ||   112
       Scimitar          |       |       |       |       |   312 ||   312
 Fire: Blowgun           |     2 |     9 |    10 |    52 |     7 ||    80
       Greatsling        |       |       |       |    37 |   205 ||   242
Throw: Stone             |       |     1 |     5 |       |       ||     6
       Tomahawk          |       |       |     6 |     8 |    14 ||    28
Invok: Call Merchant     |       |       |     1 |     3 |       ||     4
       Potion Petition   |       |       |       |     1 |       ||     1
Evoke: Wand              |       |       |     6 |    23 |    15 ||    44
  Use: Scroll            |     5 |     5 |     9 |    10 |    10 ||    39
       Potion            |       |       |       |    10 |     7 ||    17
 Stab: Sleeping          |    11 |    13 |    33 |    52 |    64 ||   173
       Distracted        |       |       |     4 |    12 |    22 ||    38
       Confused          |       |       |       |     7 |     2 ||     9
       Invisible         |       |       |       |     4 |       ||     4
  Eat: Bread ration      |       |       |     1 |       |       ||     1
       Pizza             |       |       |       |     7 |     3 ||    10
       Royal jelly       |       |       |       |     1 |       ||     1
       Fruit             |       |       |       |     3 |     3 ||     6
Armor: Robe              |    10 |     4 |    25 |       |       ||    39
       Troll hide        |       |       |    20 |    24 |       ||    44
       Troll leather arm |       |       |       |    20 |    92 ||   112
Dodge: Dodged            |    73 |    63 |   466 |   892 |  1121 ||  2615
